 Dungeon Sprint DCSS version 0.22-a0-389-g8519d86 (webtiles) character file.

16274 raistware the Warrior (level 12, -23/96 HPs)
             Began as a Gargoyle Berserker on Apr 30, 2018.
             Was the Champion of Trog.
             Killed from afar by a fire giant (42 damage)
             ... with a fireball
             ... in the Dungeon (Sprint I: "Red Sonja").
             The game lasted 00:35:28 (2675 turns).

raistware the Warrior (Gargoyle Berserker)          Turns: 2675, Time: 00:35:29

Health: -23/96     AC: 24    Str: 23    XL:     12   Next: 35%
Magic:  19/19      EV: 11    Int:  9    God:    Trog [******]
Gold:   73         SH:  4    Dex: 13    Spells: 11/11 levels left

rFire    . . .     SeeInvis .   w - +2 great mace (venom)
rCold    + . .     Gourm    .   (shield currently unavailable)
rNeg     + . .     Faith    .   l - +0 scale mail
rPois    ∞         Spirit   .   b - +2 hat
rElec    +         Reflect  +   (no cloak)
rCorr    .         Harm     .   (no gloves)
MR       ++...     Rnd*Rage +   r - +1 pair of boots of Dagit {rPois Dex+4} Stlth ..........NoTele +
                                u - +4 amulet of reflection
HPRegen  1.26/turn              x - ring of magical power
MPRegen  0.16/turn              (no ring)

@: berserk cooldown, flying, regenerating, slowed, very slow
A: antennae 1, big wings, berserk 1, cold resistance 1, low mp 1, negative
energy resistance 1, electricity resistance, weak 1, unbreathing, petrification
resistance, rot immunity, AC +8
a: Stop Flying, Berserk, Trog's Hand, Brothers in Arms, Renounce Religion


You were in the Dungeon.
You worshipped Trog.
Trog was exalted by your worship.
You were not hungry.

You visited 1 branch You collected 1932 gold pieces.
You spent 1859 gold pieces at shops.

Inventory:

Hand Weapons
 a - a +2 dire flail of crushing
 c - a +3 blowgun
 e - a +1 antimagic great mace
 f - a +4 mace of protection
 n - a +2 scythe of protection
 s - a +2 trident of venom
 w - a +2 great mace of venom (weapon)
Missiles
 k - 10 curare-tipped needles
 q - 2 poisoned javelins (quivered)
Armour
 b - a +2 hat (worn)
 l - a +0 scale mail (worn)
 m - a +2 robe of cold resistance
 r - the +1 pair of boots of Dagit (worn) {rPois Dex+4}
   (You bought it in a shop in the Dungeon)

   It affects your dexterity (+4).
   It protects you from poison.
Jewellery
 u - a +4 amulet of reflection (around neck)
 x - a ring of magical power (left hand)
Wands
 j - a wand of digging (3)
Scrolls
 i - a scroll of blinking
 o - a scroll of holy word
 v - a scroll of remove curse
Potions
 d - 3 potions of curing
 g - 2 potions of magic
Comestibles
 h - 5 chunks of flesh
 t - 4 rations


   Skills:
 + Level 20.1 Fighting
 * Level 16.6 Maces & Flails
 + Level 17.6 Armour
 - Level 1.5 Dodging


You had 11 spell levels left.
You didn't know any spells.

Dungeon Overview and Level Annotations

Branches:
Dungeon (1/1)

Altars:
Cheibriados
Dithmenos
Elyvilon
Fedhas
Gozag
Hepliaklqana
Kikubaaqudgha
Makhleb
Nemelex Xobeh
Okawaru
Qazlal
Ru
Sif Muna
Trog
Uskayaw
Vehumet
Wu Jian
Xom
Yredelemnul
Zin
The Shining One
Jiyva
Lugonu

Shops:
D %*!!*=!?*?*=}*(?*%=[[


Innate Abilities, Weirdness & Mutations

You are resistant to torment.
Your stone body is resilient. (AC +8)
You are immune to poison.
You resist negative energy. (rN+)
You are resistant to electric shocks. (rElec)
You can survive without breathing.
You are immune to petrification.
You are immune to rotting.
You have a pair of small antennae on your head.
Your large and strong wings let you fly indefinitely.
You tend to lose your temper in combat.
Your flesh is cold resistant. (rC+)
Your magical capacity is low. (-10% MP)
You are weak. (Str -2)


Message History

h - 5 chunks of flesh You see here a great sword of flaming.
You are no longer berserk.
You are exhausted.
You feel yourself slow down.
A fire giant comes into view.
It is wielding a great sword of flaming.
The fire giant shouts!
The fire giant points at you and mumbles some strange words.
The fireball explodes!
The fireball engulfs you!
* * * LOW HITPOINT WARNING * * *
You see here a great sword of flaming.
There is an open door, spattered with blood here.
As you close the door, it creaks loudly!
You feel better.
Your skin crawls.
You feel resistant to hostile enchantments.
You feel somewhat more hungry.
A fire giant opens the door.
The fire giant casts a spell at you.
The fireball explodes!
The fireball engulfs you!
You die...

#
#..###$#
#
##.#A#$#
###
{#.(###$#
'.#
#.##..$#
#.#
#..#+###
#§#
##...#{
#.#
###.#{
#§# #.#
§§# #@#
#§#
####'#
#.#
#..C.#
§§#
#...####
###
....C##
.###


You could see a fire giant.

Vanquished Creatures
  A fire giant (D)
  2 centaur warriors (D)
  Sonja (D)
  A deep troll (D)
  7 unseen horrors (D)
  A lindwurm (D)
  6 shining eyes (D)
  An oklob plant (D)
  2 kobold demonologists (D)
  3 demonic crawlers (D)
  A hornet (D)
  A slime creature (D)
  Sigmund (D)
  13 hogs (D)
  2 redbacks (D)
  A yak (D)
  5 floating eyes (D)
  7 necrophages (D)
  An ogre (D)
  8 jellies (D)
  Ijyb (D)
  A ballistomycete (D)
67 creatures vanquished.

Vanquished Creatures (collateral kills)
  2 shining eyes (D)
  A demonic crawler (D)
  A floating eye (D)
4 creatures vanquished.

Vanquished Creatures (others)
  A gargoyle (D)
  2 ballistomycete spores (D)
3 creatures vanquished.

Grand Total: 74 creatures vanquished

Notes
Turn   | Place    | Note
-------+----------+-------------------------------------------
     0 | D        | raistware the Gargoyle Berserker began the quest for the Orb.
     0 | D        | Reached XP level 1. HP: 14/14 MP: 1/1
     3 | D        | Noticed Ijyb
    11 | D        | Killed Ijyb
    11 | D        | Reached skill level 4 in Fighting
    11 | D        | Reached skill level 5 in Maces & Flails
    11 | D        | Reached XP level 2. HP: 20/20 MP: 2/2
    11 | D        | Reached XP level 3. HP: 25/25 MP: 3/3
    48 | D        | Noticed an ogre
    56 | D        | Killed an ogre
    56 | D        | Reached skill level 6 in Fighting
    56 | D        | Reached XP level 4. HP: 17/32 MP: 4/4
   250 | D        | Noticed Sigmund
   257 | D        | Killed Sigmund
   257 | D        | Reached ** piety under Trog
   257 | D        | Reached skill level 8 in Fighting
   257 | D        | Reached skill level 10 in Maces & Flails
   257 | D        | Reached XP level 5. HP: 40/40 MP: 5/5
   257 | D        | Reached XP level 6. HP: 45/45 MP: 6/6
   295 | D        | Found a deep blue altar of Sif Muna.
   301 | D        | Found an ornate altar of the Wu Jian Council.
   302 | D        | Found a radiant altar of Vehumet.
   343 | D        | Found Vuummuke's Distillery.
   343 | D        | Found an ancient bone altar of Kikubaaqudgha.
   343 | D        | Found a stormy altar of Qazlal.
   343 | D        | Found a blossoming altar of Fedhas.
   343 | D        | Found a bloodstained altar of Trog.
   343 | D        | Found an iron altar of Okawaru.
   343 | D        | Found a glowing golden altar of the Shining One.
   343 | D        | Found a glowing silver altar of Zin.
   343 | D        | Found a white marble altar of Elyvilon.
   343 | D        | Noticed a yak
   350 | D        | Killed a yak
   350 | D        | Reached skill level 9 in Fighting
   350 | D        | Reached XP level 7. HP: 52/52 MP: 7/7
   351 | D        | Found a hazy altar of Hepliaklqana.
   351 | D        | Found a hide-covered altar of Uskayaw.
   351 | D        | Found a basalt altar of Yredelemnul.
   351 | D        | Found an opulent altar of Gozag.
   351 | D        | Found a snail-covered altar of Cheibriados.
   351 | D        | Found a sacrificial altar of Ru.
   351 | D        | Found a shadowy altar of Dithmenos.
   352 | D        | Found a sparkling altar of Nemelex Xobeh.
   392 | D        | Found a burning altar of Makhleb.
   392 | D        | Found a shimmering altar of Xom.
   392 | D        | Noticed a slime creature
   397 | D        | Killed a slime creature
   397 | D        | Reached *** piety under Trog
   397 | D        | Reached skill level 10 in Fighting
   398 | D        | Found a viscous altar of Jiyva.
   398 | D        | Found a corrupted altar of Lugonu.
   446 | D        | Noticed a kobold demonologist
   448 | D        | Noticed a kobold demonologist
   455 | D        | Killed a kobold demonologist
   455 | D        | Reached skill level 11 in Fighting
   455 | D        | Reached XP level 8. HP: 60/60 MP: 8/8
   470 | D        | Noticed a red devil
   474 | D        | Killed a kobold demonologist
   474 | D        | Reached **** piety under Trog
   508 | D        | Noticed Sonja
   515 | D        | Killed Sonja
   515 | D        | Reached skill level 13 in Fighting
   515 | D        | Reached XP level 9. HP: 68/68 MP: 9/9
   543 | D        | Found Leaqips's Food Boutique.
   551 | D        | Bought a ration for 60 gold pieces
   696 | D        | Noticed a deep troll
   708 | D        | Killed a deep troll
   723 | D        | Found Jeptowee's Armour Emporium.
   748 | D        | Bought the +1 pair of boots of Dagit {rPois Dex+4} for 407 gold pieces
   778 | D        | Noticed a shining eye
   778 | D        | Noticed a shining eye
   778 | D        | Noticed a shining eye
   778 | D        | Noticed a shining eye
   778 | D        | Noticed a shining eye
   778 | D        | Noticed a shining eye
   778 | D        | Gained mutation: You tend to lose your temper in combat. [a shining eye]
   779 | D        | Paralysed by a floating eye for 3 turns
   783 | D        | Reached skill level 14 in Fighting
   784 | D        | Reached ***** piety under Trog
   785 | D        | Gained mutation: You are weak. (Str -2) [a shining eye]
   791 | D        | Killed a shining eye
   791 | D        | Reached skill level 10 in Armour
   791 | D        | Gained mutation: Scrolls take you a little longer to read. [a shining eye]
   791 | D        | Gained mutation: You have a pair of small antennae on your head. [a shining eye]
   794 | D        | Gained mutation: You expend magic power (3 MP) to strengthen your wands. [a shining eye]
   795 | D        | Killed a shining eye
   795 | D        | Received a gift from Trog
   795 | D        | Reached skill level 15 in Fighting
   795 | D        | Reached XP level 10. HP: 76/76 MP: 10/10
   796 | D        | Gained mutation: You are frail. (-10% HP) [a shining eye]
   800 | D        | Killed a shining eye
   803 | D        | Lost mutation: Scrolls take you a little longer to read. [a shining eye]
   805 | D        | Killed a shining eye
   808 | D        | Gained mutation: You are very frail. (-20% HP) [a shining eye]
   810 | D        | Killed a shining eye
   810 | D        | Reached skill level 16 in Fighting
   815 | D        | Gained mutation: You are clumsy. (Dex -2) [a shining eye]
   817 | D        | Gained mutation: You are dopey. (Int -2) [a shining eye]
   823 | D        | Killed a shining eye
   825 | D        | Noticed a shining eye
   825 | D        | Noticed a shining eye
   825 | D        | Gained mutation: Your magical capacity is low. (-10% MP) [a shining eye]
   825 | D        | Gained mutation: Your large and strong wings let you fly indefinitely. [a shining eye]
   826 | D        | Paralysed by a floating eye for 4 turns
   832 | D        | Killed a shining eye
   836 | D        | Killed a shining eye
   854 | D        | Found Jititirch's Assorted Antiques.
   854 | D        | Found Loih's General Store.
   854 | D        | Found Umedudgh's Distillery.
   854 | D        | Found Syluyphu's Jewellery Boutique.
   878 | D        | Bought a coppery potion for 20 gold pieces
   878 | D        | Bought a shimmering ivory amulet for 115 gold pieces
   878 | D        | Identified the amulet "Doidaqun" {Harm *Drain rC+} (You bought it in a shop in the Dungeon)
   948 | D        | Reached skill level 17 in Fighting
   992 | D        | Noticed a lindwurm
  1001 | D        | Killed a lindwurm
  1001 | D        | Reached XP level 11. HP: 68/68 MP: 9/9
  1040 | D        | Bought a potion of mutation for 104 gold pieces
  1040 | D        | Lost mutation: You are very frail. (-20% HP) [potion of mutation]
  1040 | D        | Lost mutation: You are frail. (-10% HP) [potion of mutation]
  1040 | D        | Lost mutation: You are weak. (Str -2) [potion of mutation]
  1040 | D        | Gained mutation: You have large cloven feet. [potion of mutation]
  1066 | D        | Bought a potion of mutation for 88 gold pieces
  1066 | D        | Lost mutation: You have large cloven feet. [potion of mutation]
  1066 | D        | Lost mutation: You are dopey. (Int -2) [potion of mutation]
  1066 | D        | Lost mutation: You expend magic power (3 MP) to strengthen your wands. [potion of mutation]
  1066 | D        | Lost mutation: You are clumsy. (Dex -2) [potion of mutation]
  1066 | D        | Gained mutation: You are weak. (Str -2) [potion of mutation]
  1066 | D        | Gained mutation: Your flesh is cold resistant. (rC+) [potion of mutation]
  1211 | D        | Noticed a centaur warrior
  1212 | D        | Noticed a centaur warrior
  1224 | D        | Killed a centaur warrior
  1229 | D        | Killed a centaur warrior
  1229 | D        | Reached skill level 18 in Fighting
  1229 | D        | Reached skill level 15 in Armour
  1251 | D        | Received a gift from Trog
  1266 | D        | Noticed an oklob plant
  1278 | D        | Killed an oklob plant
  1533 | D        | Killed an unseen horror
  1549 | D        | Killed an unseen horror
  1680 | D        | Received a gift from Trog
  1680 | D        | Reached skill level 19 in Fighting
  1683 | D        | Reached ****** piety under Trog
  1685 | D        | Received a gift from Trog
  1708 | D        | Paralysed by a floating eye for 4 turns
  1751 | D        | Received a gift from Trog
  1792 | D        | Found Tafriqal's Magic Scroll Shoppe.
  1792 | D        | Found Wolixoce's Distillery.
  1792 | D        | Found Covun's General Store.
  1794 | D        | Found Yngie's Magic Scroll Emporium.
  1794 | D        | Found Arry's General Store.
  1794 | D        | Found Tat Ahor's Jewellery Shoppe.
  1794 | D        | Found Limni's Gadget Boutique.
  1794 | D        | Found Enap's Assorted Antiques.
  1794 | D        | Found Ysocw's Weapon Shop.
  1794 | D        | Found Opekh's Magic Scroll Shoppe.
  1798 | D        | Found Miyxkusk's General Store.
  1799 | D        | Found Weileged's Jewellery Emporium.
  1799 | D        | Found Curher's Food Boutique.
  1800 | D        | Found Ohaig's Antique Armour Emporium.
  1815 | D        | Bought a +2 dire flail of crushing for 198 gold pieces
  1816 | D        | Bought a ration for 60 gold pieces
  1816 | D        | Bought a ration for 60 gold pieces
  1816 | D        | Bought a ration for 60 gold pieces
  1816 | D        | Bought a ration for 60 gold pieces
  1816 | D        | Bought a ration for 60 gold pieces
  1818 | D        | Bought a +4 amulet of reflection for 324 gold pieces
  1821 | D        | Bought a scroll of blinking for 97 gold pieces
  1823 | D        | Bought a scroll labeled OSUMEA HOKH for 30 gold pieces
  1823 | D        | Bought a scroll labeled TYUPAX NAUXO for 30 gold pieces
  1823 | D        | Bought a scroll of identify for 60 gold pieces
  1826 | D        | Bought a scroll of identify for 26 gold pieces
  1927 | D        | Received a gift from Trog
  1932 | D        | Reached skill level 15 in Maces & Flails
  2075 | D        | Noticed a daeva
  2083 | D        | Noticed an unseen horror
  2083 | D        | Noticed an unseen horror
  2083 | D        | Killed an unseen horror
  2083 | D        | Reached XP level 12. HP: 87/96 MP: 10/10
  2092 | D        | Received a gift from Trog
  2199 | D        | Received a gift from Trog
  2199 | D        | Reached skill level 20 in Fighting
  2650 | D        | Noticed a fire giant
  2665 | D        | Killed a fire giant
  2669 | D        | Noticed a fire giant
  2675 | D        | Killed from afar by a fire giant

Vault maps used:
D:        dungeon_sprint_1

Skill      XL: |  1  2  3  4  5  6  7  8  9 10 11 12 |
---------------+-------------------------------------+-----
Fighting       | 4 6 8 9 11 13 15 17 19 20 | 20.1
Maces & Flails | 5 8 10 11 13 14 15 16 | 16.6
Armour         | 6 10 14 17 | 17.6
Dodging        | |  1.5

Action                   |  1- 3 |  4- 6 |  7- 9 | 10-12 || total
-------------------------+-------+-------+-------+-------++-------
Melee: Mace              |    14 |    13 |    62 |   182 ||   271
       Dire flail        |       |       |       |    90 ||    90
       Great mace        |       |       |       |     6 ||     6
Throw: Javelin           |       |       |       |     2 ||     2
Invok: Berserk           |     2 |     3 |     5 |     3 ||    13
       Trog's Hand       |       |       |     1 |     6 ||     7
       Brothers in Arms  |       |       |       |     2 ||     2
 Abil: Fly               |       |       |       |     1 ||     1
  Use: Scroll            |       |       |       |     7 ||     7
       Potion            |       |       |       |     8 ||     8
  Eat: Chunk             |       |     2 |     3 |     4 ||     9
       Ration            |       |       |     1 |     3 ||     4
Armor: Animal skin       |     3 |       |       |       ||     3
       Scale mail        |       |     4 |    25 |   165 ||   194
Dodge: Dodged            |     2 |     2 |    24 |    89 ||   117
Block: Other             |       |       |       |    12 ||    12

Table legend:
 A = Spawn XP
 B = Non-spawn XP
 C = Spawn XP percentage of total XP
 D = Spawn monster count
 E = Non-spawn monster count
 F = Spawn count percentage of total count
 G = Total turns spent on level
                    A         B        C        D         E        F      G
               +---------+---------+-------+---------+---------+-------+---------
         Total |       0 |   23249 |   0.0 |       0 |      70 |   0.0 |  2675
               +---------+---------+-------+---------+---------+-------+---------
             D |       0 |   23249 |   0.0 |       0 |      70 |   0.0 |  2675
               +---------+---------+-------+---------+---------+-------+---------
